AoeStats
← El Fantasma de Pancho Villa

Lombardia

509670449Analyzed
4v4 RM · 4d ago on Sep 27, 2026· 25m 3s· 8 players
Game mode
Random Map
Map size
Large (8 player)
Population
200
Speed
Normal
Resources
Standard
Victory
Conquest
Starting age
Dark Age
Ending age
Imperial Age
RankedLock teamsTeams togetherTeam positionsShared explorationLock speedFull tech treeHidden civsTurbo modeCheats
Victory
Defeat
🇩🇪 Huns · Germany
1114
+15
🇵🇪 Lithuanians · Peru
1111
+15
🇦🇺 Spanish · Australia
1052
+18
🇬🇧 Danes · United Kingdom
1029
+20
🇺🇸 Teutons · United States
1111
-18
🇫🇮 Spanish · Finland
1106
-17
🇫🇷 Italians · France
1092
-17
🇺🇸 Vikings · United States
1076
-16
dageorge115
8:11 Loom
10:12 Feudal Age
14:38 Castle Age
14:37 Town Watch
16:01 Double-Bit Axe
23:33 Horse Collar
23:47 Gold Mining
24:13 Stone Mining
El Fantasma de Pancho Villa
14:45 Feudal Age
18:27 Castle Age
16:22 Horse Collar
16:47 Double-Bit Axe
18:27 Wheelbarrow
19:24 Heavy Plow
rudi.pollet.ci
10:38 Feudal Age
16:12 Castle Age
14:27 Double-Bit Axe
14:52 Stone Mining
15:18 Gold Mining
15:42 Horse Collar
22:57 Fletching
24:09 Wheelbarrow
25:06 Padded Archer Armor
Titan
7:58 Loom
11:35 Feudal Age
15:51 Castle Age
13:52 Horse Collar
14:20 Double-Bit Axe
16:47 Heavy Plow
19:07 Wheelbarrow
20:16 Town Watch
21:05 Bow Saw
OmaOpaAuto
7:30 Loom
7:48 Loom
10:12 Feudal Age
11:44 Double-Bit Axe
13:02 Fletching
16:37 Horse Collar
21:05 Castle Age
19:33 Gold Mining
21:28 Crossbowman
23:02 Bodkin Arrow
23:48 Bloodlines
23:47 Thumb Ring
25:07 Husbandry
MACS-X
10:56 Loom
12:42 Feudal Age
15:31 Double-Bit Axe
18:14 Castle Age
16:31 Horse Collar
20:08 Wheelbarrow
21:27 Bow Saw
22:31 Fervor
24:04 Heavy Plow
IdleBonobo
12:20 Feudal Age
13:44 Double-Bit Axe
16:18 Castle Age
14:01 Horse Collar
22:33 Bow Saw
23:36 Heavy Plow
24:12 Loom
25:03 Wheelbarrow
24:14 Town Watch
24:51 Gold Mining
Rido
0:30 Loom
10:36 Feudal Age
12:06 Wheelbarrow
11:26 Double-Bit Axe
11:42 Horse Collar
20:19 Castle Age
18:39 Stone Mining
18:39 Gold Mining
19:37 Gold Mining
21:13 Bow Saw
21:22 Hand Cart
21:52 Husbandry
22:03 Bloodlines
23:51 Stone Shaft Mining
24:47 Town Watch
Connection lost

Rejoining the realm…

Still unreachable

The connection could not be restored.

Session expired

The server has moved on; the page needs a fresh start.